 Dungeon Crawl Stone Soup version 0.19.1-1-g22dce08 (webtiles) character file.

48 empire the Digger (level 3, 0/19 HPs)
             Began as a Deep Elf Earth Elementalist on Jan 4, 2017.
             Slain by an adder (2 damage)
             ... on level 2 of the Dungeon.
             The game lasted 00:03:40 (1671 turns).

empire the Digger (Deep Elf Earth Elementalist)     Turns: 1671, Time: 00:03:41

Health: 0/19       AC:  2    Str:  5    XL:     3   Next: 50%
Magic:  0/9        EV: 18    Int: 20    God:
Gold:   94         SH:  0    Dex: 20    Spells: 3 memorised, 2 levels left

rFire  . . .     SeeInvis .     a - +0 short sword
rCold  . . .     Gourm    .     c - +0 robe
rNeg   . . .     Faith    .     (no shield)
rPois  .         Spirit   +     (no helmet)
rElec  .         Reflect  .     (no cloak)
rCorr  .         Harm     .     (no gloves)
MR     .....                    (no boots)
Stlth  ++........               l - amulet of guardian spirit
                                (no ring)
                                n - ring of loudness (curse)

@: agile, lethally poisoned (0 -> -15), very slightly contaminated
A: no striking features
a: no special abilities


You were on level 2 of the Dungeon.
You were not hungry.

You visited 1 branch of the dungeon, and saw 2 of its levels.

You collected 94 gold pieces.

Inventory:

Hand Weapons
 a - a +0 short sword (weapon)
Missiles
 b - 42 stones (quivered)
Armour
 c - a +0 robe (worn)
Jewellery
 f - an uncursed ring of wizardry {unknown}
 l - an amulet of guardian spirit (around neck)
 n - a cursed ring of loudness (left hand)
Scrolls
 g - 2 scrolls of amnesia
 h - a scroll of fog {unknown}
 k - a scroll of identify
Potions
 i - a potion of flight
 j - a potion of agility
 m - a potion of might {unknown}
 o - a potion of curing {unknown}
Books
 e - a book of Geomancy

   Spells                             Type                      Level
   a - Sandblast                      Earth                        1
   b - Passwall                       Transmutation/Earth          2
   c - Stone Arrow                    Conjuration/Earth            3
   d - Petrify                        Transmutation/Earth          4
   e - Lee's Rapid Deconstruction     Earth                        5
Comestibles
 d - 2 bread rations


   Skills:
 - Level 2.4 Dodging
 - Level 2.4 Stealth
 - Level 3.0 Spellcasting
 - Level 1.1 Transmutations
 + Level 5.0 Earth Magic


You had 2 spell levels left.
You knew the following spells:

 Your Spells              Type           Power        Failure   Level  Hunger
a - Sandblast             Erth           ###...       1%          1    None
b - Passwall              Tmut/Erth      ###.......   10%         2    ##.....
c - Stone Arrow           Conj/Erth      ##....       17%         3    ###....


Dungeon Overview and Level Annotations

Branches:
Dungeon (2/15)

Altars:


Message History

You are lethally poisoned!
The adder poisons you!
Casting: Sandblast
Confirm with . or Enter, or press ? or * to list all spells.
Aiming: Sandblast
Press: ? - help, Shift-Dir - straight line, f/p - adder
Aim: an adder (almost dead)
The blast of sand misses the adder.
You feel sick. The adder closely misses you.
You miss the adder.
The adder is almost dead.
You feel sick. The adder bites you.
* * * LOW HITPOINT WARNING * * *
You are more poisoned.
The adder poisons you!
It was a potion of agility.
You feel agile all of a sudden.
* * * LOW HITPOINT WARNING * * *
You feel sick. The adder bites you.
You die...

#.#
#####.####.#
#.# #.# ##.#
#.# #..# #.#
#.## #.# ##
#.# #.. .#
#.# ### .#
#.# ##S# #.#
##@# #.#
######.##
#.# #...).##
#.# #.####.#
#.####.# #.#
#.>....# #.#
######## .#
#


You could see an adder.

Vanquished Creatures
  An adder (D:2)
  A dart slug (D:1)
  2 leopard geckos (D:1)
  A giant cockroach (D:1)
  7 goblins
  A hobgoblin (D:2)
  6 jackals (D:1)
  4 bats
  A frilled lizard (D:1)
  4 kobolds (D:1)
  7 rats
35 creatures vanquished.

Notes
Turn   | Place    | Note
-------+----------+-------------------------------------------
     0 | D:1      | empire the Deep Elf Earth Elementalist began the quest for the Orb.
     0 | D:1      | Reached XP level 1. HP: 10/10 MP: 6/6
    52 | D:1      | Reached XP level 2. HP: 5/15 MP: 0/8
    60 | D:1      | Reached skill level 4 in Earth Magic
  1071 | D:1      | Reached XP level 3. HP: 15/19 MP: 6/9
  1392 | D:2      | Reached skill level 5 in Earth Magic
  1598 | D:2      | Learned a level 2 spell: Passwall
  1602 | D:2      | Learned a level 3 spell: Stone Arrow
  1671 | D:2      | Slain by an adder

Skill      XL: |  1  2  3 |
---------------+----------+-----
Earth Magic    | 4 5 |  5.0
Dodging        | |  2.4
Stealth        | |  2.4
Spellcasting   | |  3.0
Transmutations | |  1.1

Action                   || total
-------------------------++-------
Melee: Short sword       ||    48
 Cast: Sandblast         ||    38
  Use: Scroll            ||     4
       Potion            ||     1
 Stab: Sleeping          ||     3
  Eat: Chunk             ||     2
Armor: Robe              ||    14
Dodge: Dodged            ||    58
